 Dungeon Crawl Stone Soup version 0.23.0 (webtiles) character file.

Game seed: 13813233163699424633

51 Infinimo the Skirmisher (level 3, -1/26 HPs)
             Began as an Octopode Abyssal Knight on Feb 15, 2019.
             Was a Believer of Lugonu.
             Slain by Robin
             ... wielding a +0 mace
              (2 damage)
             ... on level 2 of the Dungeon.
             The game lasted 00:02:27 (1852 turns).

Infinimo the Skirmisher (Octopode Abyssal Knight)   Turns: 1852, Time: 00:02:28

Health: -1/26      AC:  1    Str: 17    XL:     3   Next: 83%
Magic:  4/4        EV: 14    Int: 14    God:    Lugonu [**....]
Gold:   78         SH:  0    Dex: 11    Spells: 2/2 levels left

rFire    . . .     SeeInvis .   a - +1 falchion
rCold    . . .     Gourm    .   (no shield)
rNeg     . . .     Faith    .   (helmet restricted)
rPois    .         Spirit   .   (no amulet)
rElec    .         Reflect  .   (no ring)
rCorr    .         Harm     .   (no ring)
MR       .....                  (no ring)
Stlth    ++........             (no ring)
HPRegen  0.08/turn              (no ring)
MPRegen  0.09/turn              (no ring)
                                (no ring)
                                (no ring)

@: mighty
A: almost no armour, stealthy swim, amphibious, 8 rings, constrict 8, camouflage
1, gelatinous body 1
a: Depart the Abyss, Bend Space, Renounce Religion


You were on level 2 of the Dungeon.
You worshipped Lugonu.
Lugonu was pleased with you.
You were not hungry.

You visited 1 branch of the dungeon, and saw 2 of its levels.
You visited the Abyss 1 time.

You collected 78 gold pieces.

Inventory:

Hand Weapons
 a - a +1 falchion (weapon)
Scrolls
 c - a scroll of remove curse {unknown}
 d - a scroll of random uselessness {unknown}
 e - a scroll of enchant armour {unknown}
 f - a scroll of identify {unknown}
Comestibles
 b - 2 rations
 g - 6 chunks of flesh


   Skills:
 + Level 3.4 Fighting
 * Level 3.2 Long Blades
 + Level 2.9 Dodging
 - Level 2.0 Invocations


You had 2 spell levels left.
You didn't know any spells.
Your spell library was empty.

Dungeon Overview and Level Annotations

Branches:
Dungeon (2/15)

Altars:

Annotations:
D:2 Robin


Innate Abilities, Weirdness & Mutations

You cannot wear most types of armour.
You are very stealthy in the water. (Stealth+)
You are amphibious.
You can wear up to eight rings at the same time.
You can use your tentacles to constrict eight enemies at once.
Your skin changes colour to match your surroundings (Stealth+).
Your rubbery body absorbs attacks. (AC +1, EV +1)


Message History

You squeeze something. Lugonu accepts your kill.
Reactivating autopickup.
You feel a bit more experienced.
You hit Robin. You grab Robin.
Robin is lightly wounded.
You constrict Robin, but do no damage.
Robin's bangles clink loudly.
Robin hits you with a +0 mace.
* * * LOW HITPOINT WARNING * * *
It was a potion of might.
You feel very mighty all of a sudden.
You constrict Robin. Robin misses you.
Robin is moderately wounded.
You constrict Robin. Robin barely misses you.
You riposte.
You hit Robin.
Robin is heavily wounded.
You hit Robin.
Robin is almost dead.
You constrict Robin. Robin hits you with a +0 mace.
You die...

###########.###(..# #..# .# ##
##..........### ##.# .# .#
#..######....# #.# #.# .
.####.## ####.#### #.# ..##..
.##...# ....###.##.....
....### ##...##.....# ..###
##........## ..####
#####.........### .....#
#.g@)(#..##.....#
.###...........######.##.#.#.#
..............## #.##.#...#
.............. #.#..##....
######.......( #.....####..
....... ##.....# . .......
.........## #######
#..........## #............##


You could see Robin.

Vanquished Creatures
  A dart slug (D:2)
  A worm (D:2)
  A leopard gecko (D:2)
  15 goblins
  3 hobgoblins
  4 jackals (D:1)
  A quokka (D:2)
  3 bats
  2 frilled lizards (D:1)
  6 kobolds
  5 rats
42 creatures vanquished.

Vanquished Creatures (others)
  A goblin (D:2)
1 creature vanquished.

Grand Total: 43 creatures vanquished

Notes
Turn   | Place    | Note
-------+----------+-------------------------------------------
     0 | Abyss:1  | Infinimo the Octopode Abyssal Knight began the quest for
                  | the Orb.
     0 | Abyss:1  | Reached XP level 1. HP: 16/16 MP: 2/2
     0 | D:1      | Escaped the Abyss
    83 | D:1      | Reached * piety under Lugonu
   167 | D:1      | Reached XP level 2. HP: 17/21 MP: 3/3
  1091 | D:2      | Noticed Robin
  1098 | D:1      | Reached XP level 3. HP: 19/26 MP: 4/4
  1706 | D:2      | Reached ** piety under Lugonu
  1849 | D:2      | HP: 1/26 [Robin/+0 mace (5)]
  1852 | D:2      | Slain by Robin

Skill      XL: |  1  2  3 |
---------------+----------+-----
Long Blades    | 3 |  3.2
Fighting       | |  3.4
Dodging        | |  2.9
Invocations    | |  2.0

Action                   || total
-------------------------++-------
Melee: Falchion          ||    69
       Constrict         ||    21
       Tentacles         ||    12
Invok: Depart the Abyss  ||     1
  Use: Potion            ||     1
 Stab: Sleeping          ||     6
  Eat: Chunk             ||     3
Armor: Skin              ||     4
Dodge: Dodged            ||    56
       Rpst.: Falchion   ||    19
